 Dungeon Crawl Stone Soup version 0.30-a0-802-gb92711bcdf (webtiles) character file.

Game seed: 1587430862351733599

700 domi the Conjurer (level 7, -2/46 HPs)
             Began as a Demonspawn Conjurer on Feb 24, 2023.
             Slain by an iguana (5 damage)
             ... on level 5 of the Dungeon.
             The game lasted 00:08:07 (4764 turns).

domi the Conjurer (Demonspawn Conjurer)             Turns: 4764, Time: 00:08:07

Health: -2/46      AC:  4    Str: 12    XL:     7   Next: 38%
Magic:  2/10       EV: 12    Int: 21    God:
Gold:   372        SH:  0    Dex: 14    Spells: 1/10 levels left

rFire   . . .      SeeInvis .    j - +0 arbalest "Giant's Toothpick" {flame, Fragile rElec Str+5}
rCold   . . .      Faith    .    (shield currently unavailable)
rNeg    . . .      Spirit   .    a - +0 robe
rPois   .          Reflect  .    w - +0 helmet
rElec   +          Harm     .    g - +0 cloak
rCorr   .          Rampage  .    (no gloves)
Will    .....                    (no boots)
Stlth   +++                      (no amulet)
HPRegen 0.27/turn                (no ring)
MPRegen 0.12/turn                (no ring)

@: brilliant, on berserk cooldown, attractive, slowed, very slow
A: thin skeletal structure 1, foul stench 1, spiny 1
a: no special abilities


You were on level 5 of the Dungeon.
You visited 1 branch of the dungeon, and saw 5 of its levels.

You collected 372 gold pieces.

Inventory:

Hand Weapons
 j - the +0 arbalest "Giant's Toothpick" (weapon) {flame, Fragile rElec Str+5}
   (You found it on level 2 of the Dungeon)

   Str:       It affects your strength (+5).
   rElec:     It insulates you from electricity.
   Fragile:   It will be destroyed if unequipped.
 A - a +0 hand axe of electrocution
   (You took it off an orc on level 4 of the Dungeon)
Armour
 a - a +0 robe (worn)
 g - a +0 cloak (worn)
   (You found it on level 1 of the Dungeon)
 w - a +0 helmet (worn)
   (You found it on level 3 of the Dungeon)
Jewellery
 k - a ring of fire {rF+, rC-}
   (You found it on level 2 of the Dungeon)
 B - a ring of wizardry {Wiz+}
   (You found it on level 5 of the Dungeon)
Scrolls
 e - 3 scrolls of identify {unknown}
 f - 3 scrolls of immolation {unknown}
 h - a scroll of noise {unknown}
 m - a scroll of enchant weapon {unknown}
 o - a scroll of poison {unknown}
 q - 2 scrolls of enchant armour {unknown}
 r - a scroll of acquirement {unknown}
 t - a scroll of blinking {unknown}
 x - a scroll of butterflies {unknown}
 y - a scroll of vulnerability {unknown}
Potions
 b - a potion of ambrosia {unknown}
 c - a potion of brilliance
 d - 2 potions of lignification {unknown}
 i - 2 potions of resistance {unknown}
 l - 4 potions of attraction {!q}
 n - 2 potions of flight {unknown}
 p - 2 potions of mutation {unknown}
 s - a potion of degeneration {unknown}
 v - a potion of heal wounds {unknown}
 z - a potion of berserk rage {!q!q}


   Skills:
 - Level 1.7 Dodging
 - Level 1.7 Stealth
 - Level 2.0 Spellcasting
 + Level 7.8 Conjurations
 + Level 3.0 Translocations
 + Level 2.5 Fire Magic


You had one spell level left.
You knew the following spells:

 Your Spells              Type           Power      Damage    Failure   Level
c - Iskenderun's Mystic   Conj/Tloc      37%        2d9       16%         4
x - Searing Ray           Conj           100%       2d8       1%          2
y - Scorch                Fire           38%        2d7       8%          2
z - Magic Dart            Conj           100%       1d8       1%          1

Your spell library contained the following spells:

 Spells                   Type           Power      Damage    Failure   Level
 Slow                     Hex            12%        N/A       14%         1
 Dazzling Flash           Conj/Hex       54%        N/A       9%          3
 Mephitic Cloud           Conj/Pois/Air  19%        N/A       16%         3
 Flame Wave               Conj/Fire      35%        2d10      17%         4
 Cigotuvi's Dreadful Rot  Necr/Pois/Air  6%         N/A       22%         2
 Ensorcelled Hibernation  Hex/Ice        6%         N/A       22%         2
 Passwall                 Tmut/Erth      2%         N/A       22%         2
 Poisonous Vapours        Pois/Air       6%         N/A       22%         2
 Fulminant Prism          Conj/Hex       13%        3d9       30%         4
 Confusing Touch          Hex            3%         N/A       41%         3
 Swiftness                Air            3%         N/A       41%         3
 Vampiric Draining        Necr           3%         2d6       41%         3
 Petrify                  Tmut/Erth      3%         N/A       82%         4
 Metabolic Englaciation   Hex/Ice        1%         N/A       99%         5
 Statue Form              Tmut/Erth      2%         N/A       100%        6
 Summon Cactus Giant      Summ           1%         N/A       100%        6


Dungeon Overview and Level Annotations

Branches:
Dungeon (5/15)
 Temple: D:4-7

Altars:


Innate Abilities, Weirdness & Mutations

You have a somewhat thin skeletal structure. (Dex +2, Stealth+)
You may rarely emit foul miasma when damaged in melee.
You are partially covered in sharp spines.


Message History

The phantom hits you but does no damage.
The iguana bites you. The ufetubus hits you. The ufetubus barely misses you.
Fire: j) +0 arbalest "Giant's Toothpick" {flame, Fragile rElec Str+5}
Aim: a phantom (severely damaged, 35% to hit)
You shoot a bolt. The bolt closely misses the phantom.
A hound comes into view.
The ufetubus is struck by your spines. The ufetubus barely misses you.
The ufetubus completely misses you. The phantom is struck by your spines.
The phantom hits you.
The orc hits you from afar with a +0 trident!
* * * LOW HITPOINT WARNING * * *
The iguana is struck by your spines. The iguana barely misses you.
The ufetubus is struck by your spines.
The ufetubus hits you but does no damage.
The ufetubus hits you.
* * * LOW HITPOINT WARNING * * *
The phantom barely misses you. The orc barely misses you.
The iguana barely misses you.
The hound moves out of view.
Unknown command.
It was a potion of berserk rage.
A red film seems to cover your vision as you go berserk!
You feel yourself moving faster!
You feel mighty! The ufetubus is struck by your spines.
The ufetubus closely misses you. x2
The orc barely misses you. The phantom misses you. The iguana misses you.
The ufetubus is struck by your spines.
You kill the ufetubus!
You are too berserk!
Unknown command.
You feel a strong urge to attack something.
The orc closely misses you. The iguana closely misses you.
The hound barks!
The orc closely misses you.
You feel your anger nearly subside.
You are no longer berserk.
You are exhausted.
You feel yourself slow down. The hound bites you.
* * * LOW HITPOINT WARNING * * *
It was a potion of brilliance.
You feel clever all of a sudden. The hound barely misses you.
The hound is struck by your spines. The hound barely misses you.
It was a potion of attraction.
You feel attractive to monsters. The hound closely misses you.
The phantom barely misses you. The hound bites you but does no damage.
The orc hits you but does no damage. The phantom barely misses you.
It was a potion of curing.
You feel better. The hound is struck by your spines. The hound bites you.
* * * LOW HITPOINT WARNING * * *
The hound bites you.
* * * LOW HITPOINT WARNING * * *
The orc completely misses you. The phantom barely misses you.
The hound bites you.
* * * LOW HITPOINT WARNING * * *
You feel better. The orc closely misses you. The phantom closely misses you.
The hound bites you but does no damage. The orc misses you.
The phantom hits you but does no damage.
The hound is struck by your spines. The hound closely misses you.
Okay, then.
The spell is quite dangerous to miscast (19% risk of failure)!
Continue anyway?
You feel a surge of power!
You erupt in a blast of force!
The mystic blast hits the orc!
You kill the orc!
The mystic blast hits the hound!
The mystic blast hits the phantom.
The phantom is knocked back by the mystic blast.
The hound bites you. The hound is struck by your spines.
You kill the hound!
The phantom hits you.
* * * LOW HITPOINT WARNING * * *
The phantom blinks!
You blink.
The iguana is attracted toward you.
Okay, then.
Fire: j) +0 arbalest "Giant's Toothpick" {flame, Fragile rElec Str+5}
Aim: a phantom (almost destroyed, 35% to hit)
You shoot a bolt. The bolt hits the phantom!
The bolt burns the phantom.
You destroy the phantom!
The iguana misses you. The iguana is struck by your spines.
The iguana completely misses you. The iguana bites you.
* * * LOW HITPOINT WARNING * * *
Your Translocations skill increases to level 3!
Fire: j) +0 arbalest "Giant's Toothpick" {flame, Fragile rElec Str+5}
Aim: an iguana (lightly wounded, 54% to hit)
You shoot a bolt. The bolt hits the iguana.
The bolt burns the iguana.
The iguana bites you!
* * * LOW HITPOINT WARNING * * *
The iguana misses you. The iguana barely misses you.
Fire: j) +0 arbalest "Giant's Toothpick" {flame, Fragile rElec Str+5}
Aim: an iguana (heavily wounded, 54% to hit)
Okay, then.
You feel better. The iguana closely misses you. The iguana bites you.
* * * LOW HITPOINT WARNING * * *
Fire: j) +0 arbalest "Giant's Toothpick" {flame, Fragile rElec Str+5}
Aim: an iguana (heavily wounded, 54% to hit)
You shoot a bolt. The bolt hits the iguana.
The bolt burns the iguana.
The iguana bites you!
* * * LOW HITPOINT WARNING * * *
The iguana bites you.
You die...

## .# #### ##########
.# #...# #..)..l@.###
.# .....##...#......#
.# .....†#.lW##.....#
.# ......†o..##......#
.# !)..#...####......
## ... #...# #######..
## .. #...###)..## .
.###### #...##.....##
......####...#.......#


You could see an iguana.

Vanquished Creatures
  A black bear (D:4)
  A phantom (D:5)
  2 necrophages
  2 hounds (D:5)
  2 iguanas
  Terence (D:3)
  2 orc wizards (D:4)
  3 gnolls (D:3)
  6 adders
  3 ufetubi (D:5)
  A worm (D:5)
  A dart slug (D:1)
  22 orcs
  12 ball pythons
  6 endoplasms
  7 giant cockroaches
  3 goblins
  3 hobgoblins (D:1)
  4 jackals (D:4)
  8 quokkas
  11 bats
  3 frilled lizards
  5 kobolds
  6 rats
115 creatures vanquished.

Vanquished Creatures (others)
  68 plants (D:3)
68 creatures vanquished.

Grand Total: 183 creatures vanquished

Notes
Turn   | Place    | Note
-------+----------+-------------------------------------------
     0 | D:1      | domi the Demonspawn Conjurer began the quest for the Orb.
     0 | D:1      | Reached XP level 1. HP: 13/13 MP: 3/3
   143 | D:1      | Gained mutation: You have a somewhat thin skeletal
                  | structure. (Dex +2, Stealth+) [demonic ancestry]
   143 | D:1      | Reached XP level 2. HP: 19/19 MP: 3/5
   167 | D:1      | Learned a level 2 spell: Searing Ray
   722 | D:1      | Reached skill level 5 in Conjurations
   860 | D:2      | Reached XP level 3. HP: 24/24 MP: 1/6
   919 | D:2      | Identified the +0 arbalest "Giant's Toothpick" {flame,
                  | Fragile rElec Str+5}
  1814 | D:2      | Gained mutation: You are partially covered in sharp spines.
                  | [demonic ancestry]
  1814 | D:2      | Reached XP level 4. HP: 30/30 MP: 3/7
  2187 | D:3      | Noticed Terence
  2199 | D:3      | HP: 3/30 [Terence/+0 mace (9)]
  2200 | D:3      | Killed Terence
  2201 | D:3      | Reached skill level 6 in Conjurations
  2310 | D:3      | Learned a level 4 spell: Iskenderun's Mystic Blast
  2661 | D:3      | Reached XP level 5. HP: 35/35 MP: 0/8
  3118 | D:3      | Found a faded altar of an unknown god.
  3728 | D:4      | Reached skill level 7 in Conjurations
  3875 | D:4      | Reached skill level 1 in Translocations
  3996 | D:4      | Gained mutation: You may rarely emit foul miasma when
                  | damaged in melee. [demonic ancestry]
  3996 | D:4      | Reached XP level 6. HP: 41/41 MP: 9/9
  3999 | D:4      | Learned a level 2 spell: Scorch
  4086 | D:4      | Reached skill level 1 in Fire Magic
  4174 | D:4      | Reached skill level 2 in Translocations
  4525 | D:5      | Entered Level 5 of the Dungeon
  4742 | D:5      | Reached XP level 7. HP: 37/46 MP: 2/10
  4747 | D:5      | Reached skill level 2 in Fire Magic
  4750 | D:5      | HP: 10/46 [orc/+0 trident (8)]
  4755 | D:5      | HP: 8/46 [hound (1)]
  4762 | D:5      | Reached skill level 3 in Translocations
  4762 | D:5      | HP: 2/46 [iguana (10)]
  4764 | D:5      | Slain by an iguana

Illustrated notes

Levels and vault maps discovered:
D:1:      eino_arrival_water_cross, layout_rooms, serial_corexii_hall,
          corexii_hall_statues_t, chequers_hall_statues_y, minmay_tromino_v4_a
D:2:      layout_basic, nicolae_elevator_lobby_asterisk
D:3:      wad_woods_settlement, layout_basic, basic_ecumenical_altar,
          uniq_terence
D:4:      layout_loops_ring
D:5:      minmay_opposing_rooms, layout_rooms

Skill      XL: |  1  2  3  4  5  6  7 |
---------------+----------------------+-----
Conjurations   | 5 6 7 |  7.8
Translocations | 1 2 3 |  3.0
Fire Magic     | 1 2 |  2.5
Dodging        | |  1.7
Stealth        | |  1.7
Spellcasting   | |  2.0

Action                     |  1- 3 |  4- 6 |  7- 9 || total
---------------------------+-------+-------+-------++-------
  Melee: Hand axe          |    16 |     9 |       ||    25
   Fire: Arbalest          |       |    59 |     9 ||    68
   Cast: Magic Dart        |    75 |    69 |       ||   144
         Searing Ray       |     1 |     7 |       ||     8
         Iskenderun's Myst |       |       |     1 ||     1
    Use: Potion            |       |     1 |     6 ||     7
   Stab: Sleeping          |     1 |       |       ||     1
 Armour: Robe              |     5 |    11 |     7 ||    23
  Dodge: Dodged            |    12 |    24 |    39 ||    75

Table legend: (Time is in decaauts)
 A = Elapsed time spent in this place.
 B = Non-inter-level travel time spent in this place.
 C = Inter-level travel time spent in this place.
 D = Time resting spent in this place.
 E = Time spent auto-exploring this place.
 F = Levels seen in this place.
 G = Mean time per level.
                   A        B        C        D        E       F      G
               +--------+--------+--------+--------+--------+-----+--------+
         Total |   4836 |   4603 |    233 |    518 |   3464 |   5 |  967.2 |
       Dungeon |   4836 |   4603 |    233 |    518 |   3464 |   5 |  967.2 |
               +--------+--------+--------+--------+--------+-----+--------+

Top non-repeatable levels by time:
     D:3: 1477 daAuts
     D:2: 1389 daAuts
     D:4: 860 daAuts
     D:1: 859 daAuts
     D:5: 249 daAuts

Table legend:
 A = Kills in this place as a percentage of kills in entire the game.
 B = Kills by you in this place as a percentage of kills by you in the entire game.
 C = Kills by friends in this place as a percentage of kills by friends in the entire game.
 D = Other kills in this place as a percentage of other kills in the entire game.
 E = Experience gained in this place as a percentage of experience gained in the entire game.
 F = Experience gained in this place divided by the number of levels of this place that you have seen.
                   A       B       C       D       E      F
               +-------+-------+-------+-------+-------+----------------------
         Total | 100.0 | 100.0 |   N/A |   N/A | 100.0 | 200.0
       Dungeon | 100.0 | 100.0 |   N/A |   N/A | 100.0 | 200.0
               +-------+-------+-------+-------+-------+----------------------
